 Dungeon Crawl Stone Soup version 0.28-a0-1080-g05a166d0ed (webtiles) character file.

Game seed: 5001757077920744604

686799 gimp the Spry (level 26, -4/192 HPs)
             Began as a Demigod Earth Elementalist on Dec 9, 2021.
             Killed by an exploding ball lightning (18 damage)
             ... on level 4 of the Realm of Zot on Dec 10, 2021.
             The game lasted 04:38:39 (113695 turns).

gimp the Spry (Demigod Earth Elementalist)        Turns: 113695, Time: 04:38:40

Health: -4/192     AC: 22    Str: 13    XL:     26   Next: 80%
Magic:  4/49       EV: 30    Int: 43    God:
Gold:   5834       SH: 17    Dex: 25    Spells: 14/57 levels left

rFire   + . .      SeeInvis +   b - staff of earth
rCold   + . .      Faith    .   I - +2 kite shield
rNeg    + . .      Spirit   .   w - +2 robe {rF+}
rPois   +          Reflect  .   d - +4 helmet "Ugraj" {Int+6}
rElec   +          Harm     .   L - +2 cloak {Will+}
rCorr   +          Rampage  .   v - +2 pair of gloves
Will    +++..                   o - +1 pair of boots {Stlth+}
Stlth   +++++.....              j - amulet "Wejigry" {RegenMP rCorr Dex+3}
HPRegen 0.42/turn               g - ring of see invisible
MPRegen 0.71/turn               Z - ring of Umilae {rElec rPois rC+ rN+ AC+4}

@: unable to drink, very slightly contaminated, studying 2 skills
A: high mp 1, forlorn, divine attributes, noise suppression
}: 4/15 runes: barnacled, slimy, silver, gossamer
a: no special abilities


You were on level 4 of the Realm of Zot.
You visited 10 branches of the dungeon, and saw 52 of its levels.
You visited the Abyss 1 time.
You visited 1 ziggurat, and saw 9 of its levels.
You also visited: Ice Cave and Wizlab.

You collected 8937 gold pieces.
You spent 3103 gold pieces at shops.

Inventory:

Hand Weapons
 a - a +9 vorpal quick blade
Missiles
 e - 15 curare-tipped darts
 C - 12 throwing nets
Armour
 d - the +4 helmet "Ugraj" (worn) {Int+6}
   (You found it on level 3 of the Elven Halls)

   Int:       It affects your intelligence (+6).
 o - a +1 pair of boots of stealth (worn)
 v - a +2 pair of gloves (worn)
 w - a +2 robe of fire resistance (worn)
 I - a +2 kite shield (worn)
 L - a +2 cloak of willpower (worn)
 Q - the +4 skin of Zhor {*Englaciate rC+++ SInv}
   (You found it on level 6 of the Lair of Beasts)

   It radiates cold, occasionally slowing all nearby creatures who are not
   resistant to cold.
   rC:        It renders you almost immune to cold.
   SInv:      It lets you see invisible.
Magical Staves
 b - a staff of earth (weapon)
Jewellery
 g - a ring of see invisible (left hand)
 i - the ring "Rufa Xashry" {rPois rN+ Will+ Str-2 Int+6}
   (You took it off a deep elf demonologist on level 3 of the Elven Halls)

   [ring of intelligence]

   Str:       It affects your strength (-2).
   Int:       It affects your intelligence (+6).
   rPois:     It protects you from poison.
   rN:        It protects you from negative energy.
   Will:      It increases your willpower.
 j - the amulet "Wejigry" (around neck) {RegenMP rCorr Dex+3}
   (You found it on level 5 of the Vaults)

   [amulet of magic regeneration]

   It increases your rate of magic regeneration.
   Dex:       It affects your dexterity (+3).
   rCorr:     It protects you from acid and corrosion.
 m - the ring "Puniss" {Will+ Dex+7}
   (You bought it in a shop on level 2 of the Shoals)

   [ring of willpower]

   Dex:       It affects your dexterity (+7).
   Will:      It increases your willpower.
 x - a ring of protection from fire
 Y - a ring of protection from cold
 Z - the ring of Umilae (right hand) {rElec rPois rC+ rN+ AC+4}
   (You acquired it on level 1 of the Realm of Zot)

   [ring of protection]

   AC:        It affects your AC (+4).
   rC:        It protects you from cold.
   rElec:     It insulates you from electricity.
   rPois:     It protects you from poison.
   rN:        It protects you from negative energy.
Wands
 A - a wand of digging (39)
 G - a wand of flame (59)
 R - a wand of iceblast (10)
 U - a wand of acid (13)
Scrolls
 c - 9 scrolls of blinking
 h - 11 scrolls of magic mapping
 l - 31 scrolls of teleportation
 n - 15 scrolls of fog
 p - 2 scrolls of summoning
 y - 2 scrolls of holy word
 M - 8 scrolls of enchant armour
 N - 7 scrolls of fear
 S - 3 scrolls of silence
 T - 7 scrolls of amnesia
Potions
 f - 19 potions of curing
 k - 6 potions of might
 t - 13 potions of mutation
 u - a potion of berserk rage
 z - a potion of experience
 D - 4 potions of resistance
 E - 5 potions of invisibility
 F - 8 potions of brilliance
 H - 5 potions of cancellation
 K - 7 potions of haste
 O - 5 potions of ambrosia
 P - 6 potions of magic
 W - 19 potions of heal wounds
Miscellaneous
 q - a tin of tremorstones (2/2)
 r - a condenser vane (inert)
 s - a box of beasts
 V - a phantom mirror
 X - a lightning rod (4/4)


   Skills:
 - Level 7.0 Fighting
 - Level 10.0 Short Blades
 - Level 12.0 Staves
 - Level 6.1 Armour
 * Level 19.3 Dodging
 - Level 6.0 Stealth
 - Level 15.0 Shields
 - Level 16.0 Spellcasting
 - Level 10.1 Conjurations
 - Level 8.0 Necromancy
 - Level 8.0 Transmutations
 - Level 16.0 Fire Magic
 - Level 14.0 Ice Magic
 - Level 8.0 Air Magic
 - Level 12.0 Earth Magic
 + Level 13.8 Evocations


You had 14 spell levels left.
You knew the following spells:

 Your Spells              Type           Power      Damage    Failure   Level
a - Iron Shot             Conj/Erth      57%        9d11      1%          6
b - Stone Arrow           Conj/Erth      100%       3d13      1%          3
c - Petrify               Tmut/Erth      100%       N/A       1%          4
d - Borgnjor's Vile Clut  Necr/Erth      55%        N/A       1%          5
e - Irradiate             Conj/Tmut      42%        3d27      1%          5
f - Freezing Cloud        Conj/Ice/Air   45%        6-21      1%          5
g - Ozocubu's Refrigerat  Ice            50%        4d15      1%          7
h - Ignition              Fire           53%        3d15      7%          8

Your spell library contained the following spells:

 Spells                   Type           Power      Damage    Failure   Level
 Freeze                   Ice            100%       1d11      0%          1
 Magic Dart               Conj           100%       1d8       0%          1
 Sandblast                Erth           100%       2d20      0%          1
 Frozen Ramparts          Ice            100%       1d12      0%          3
 Ozocubu's Armour         Ice            100%       N/A       0%          3
 Animate Skeleton         Necr           100%       N/A       1%          1
 Apportation              Tloc           68%        N/A       1%          1
 Beastly Appendage        Tmut           100%       N/A       1%          1
 Pain                     Necr           100%       1d9       1%          1
 Slow                     Hex            100%       N/A       1%          1
 Sting                    Tmut/Pois      100%       1d8       1%          1
 Summon Small Mammal      Summ           100%       N/A       1%          1
 Blink                    Tloc           68%        N/A       1%          2
 Corpse Rot               Necr/Air       100%       N/A       1%          2
 Ensorcelled Hibernation  Hex/Ice        100%       N/A       1%          2
 Passwall                 Tmut/Erth      91%        N/A       1%          2
 Poisonous Vapours        Pois/Air       100%       N/A       1%          2
 Searing Ray              Conj           100%       2d8       1%          2
 Static Discharge         Conj/Air       85%        N/A       1%          2
 Sublimation of Blood     Necr           80%        N/A       1%          2
 Wereblood                Tmut           80%        N/A       1%          2
 Dazzling Flash           Conj/Hex       100%       N/A       1%          3
 Ignite Poison            Fire/Tmut/Pois 80%        N/A       1%          3
 Mephitic Cloud           Conj/Pois/Air  72%        N/A       1%          3
 Spider Form              Tmut/Pois      62%        N/A       1%          3
 Vampiric Draining        Necr           80%        2d11      1%          3
 Animate Armour           Summ/Erth      100%       N/A       1%          4
 Animate Dead             Necr           40%        N/A       1%          4
 Fulminant Prism          Conj/Hex       33%        3d16      1%          4
 Hailstorm                Conj/Ice       95%        3d19      1%          4
 Ice Form                 Ice/Tmut       91%        N/A       1%          4
 Iskenderun's Mystic Bla  Conj/Tloc      67%        2d14      1%          4
 Summon Ice Beast         Ice/Summ       76%        N/A       1%          4
 Agony                    Necr           80%        N/A       1%          5
 Blade Hands              Tmut           40%        N/A       1%          5
 Excruciating Wounds      Necr           40%        N/A       1%          5
 Fireball                 Conj/Fire      49%        3d19      1%          5
 Iskenderun's Battlesphe  Conj           89%        2d14      1%          5
 Lightning Bolt           Conj/Air       42%        1d62      1%          5
 Metabolic Englaciation   Hex/Ice        38%        N/A       1%          5
 Simulacrum               Ice/Necr       45%        N/A       1%          6
 Starburst                Conj/Fire      49%        6d13      1%          6
 Call Canine Familiar     Summ           34%        N/A       2%          3
 Confusing Touch          Hex            34%        N/A       2%          3
 Gell's Gravitas          Tloc           34%        N/A       2%          3
 Lesser Beckoning         Tloc           34%        N/A       2%          3
 Summon Guardian Golem    Hex/Summ       34%        N/A       2%          3
 Teleport Other           Tloc           34%        N/A       2%          3
 Tukima's Dance           Hex            34%        N/A       2%          3
 Conjure Ball Lightning   Conj/Air       42%        3x3d15    2%          6
 Alistair's Intoxication  Tmut/Pois      41%        N/A       4%          5
 Silence                  Hex/Air        31%        N/A       4%          5
 Yara's Violent Unravell  Hex/Tmut       31%        3d13      4%          5
 Death Channel            Necr           40%        N/A       4%          6
 Olgreb's Toxic Radiance  Pois           34%        N/A       8%          4
 Passage of Golubria      Tloc           34%        N/A       8%          4
 Orb of Destruction       Conj           44%        9d14      10%         7
 Manifold Assault         Tloc           34%        N/A       22%         5
 Summon Mana Viper        Hex/Summ       34%        N/A       22%         5
 Eringya's Noxious Bog    Tmut/Pois      31%        N/A       22%         6
 Dragon Form              Tmut           40%        N/A       24%         7
 Spellforged Servitor     Conj/Summ      33%        N/A       63%         7
 Borgnjor's Revivificati  Necr           40%        N/A       88%         8
 Maxwell's Capacitive Co  Air            40%        ∞         88%         8
 Necromutation            Tmut/Necr      40%        N/A       88%         8
 Fire Storm               Conj/Fire      49%        8d12      98%         9
 Monstrous Menagerie      Summ           17%        N/A       100%        7
 Death's Door             Necr           40%        N/A       100%        9


Dungeon Overview and Level Annotations

Branches:
Dungeon (15/15)            Temple (0/1) D:6            Lair (6/6) D:11
 Shoals (4/4) Lair:4       Spider (4/4) Lair:3        Slime (5/5) Lair:6
    Orc (2/2) D:11            Elf (3/3) Orc:2        Vaults (5/5) D:13
  Crypt (0/3) Vaults:2     Depths (4/4) D:15            Zot (4/5) Depths:4
  IceCv (visited)          WizLab (visited)

Shops:
D:2 *   D:7 *   D:8 [   D:9 :   D:12 (   Orc:2 =(*!:   Elf:2 !   Shoals:2 ?*
Vaults:2 ?   Vaults:3 (   Depths:1 *

Portals:
Hell: Depths:1 Depths:2 Depths:3 Depths:4
Abyss: Depths:1 Depths:3
Pandemonium: Orc:2 Depths:2 Depths:4
Trove: D:12 (give 18 scrolls of teleportation)

Annotations:
D:6 exclusions: cyclops, scorpion and 1 more exclusion
D:8 exclusion: 3 skeletal warriors
D:14 exclusion: 2 doors
Vaults:4 2 transporters, exclusion: orange crystal statue
Zot:4 Koub's ghost, legendary GnFE


Innate Abilities, Weirdness & Mutations

You have an increased reservoir of magic. (+10% MP)
You shall have no god before yourself.
Your divine heritage dramatically boosts your attributes as you level up.
You passively dampen the noise of your surroundings.


Message History

The ball lightning explodes!
The blast of lightning engulfs the ball lightning.
The ball lightning completely resists.
The blast of lightning engulfs you!! You resist.
The blast of lightning engulfs Koub's ghost!
Koub's ghost resists.
Koub's ghost gestures at you while chanting.
The iron shot hits you!!!!
* * * LOW HITPOINT WARNING * * *
You take 100 damage, and have 28/192 hp.
MASSIVE DAMAGE!!
Blink to where?
Press: ? - help, Dir - move target, p - Koub's ghost
As you read the scroll of blinking, it crumbles to dust.
Clouds of poison gas condense around you!
The condenser dries out!
Casting: Iron Shot (mildly dangerous; 1% risk of failure)
Confirm with . or Enter, or press ? or * to list all spells.
The heat is drained from your surroundings.
You feel very cold.
Koub's ghost is frozen.
Koub's ghost resists.
Koub's ghost is almost destroyed.
Koub's ghost mumbles some strange words.
The ball lightning explodes!
The blast of lightning engulfs the ball lightning.
The ball lightning completely resists.
The blast of lightning engulfs the ball lightning.
The ball lightning completely resists.
The blast of lightning engulfs you! You resist.
* * * LOW HITPOINT WARNING * * *
The blast of lightning engulfs Koub's ghost!!
Koub's ghost resists. 2 ball lightnings come into view.
You take 17 damage, and have 12/192 hp.
You now have 1/49 mp.
You cannot drink potions in your current state!
Unknown command.
The ball lightning moves out of view. x2
You hear a clap of thunder!
The ball lightning explodes!
The blast of lightning engulfs you!! You resist.
You die...

#..#
#..###...#)....#....#####
#### #..#
##..#######§..## #.>#
#..# ##....## #..# #..#
##.W=...##### #### #..#
#..# #.*.##...#... #..#
#..# #).# #.*####......
#..# #..# #..# #..#
##..... #..# #..# #⌠.#
#..# #...... #..# #..#
#.@####..# #...... #..#
#..# #........# #......
#..# #..# #......†.#
#...... #..# #..#
#..####..# #...... #..#
#..# #..# #.^# #......
#..# #### #..# #..#
##..... #..# #..# #..##
##.... #..# #..# #...##
##... #..# #### #..#
##.[.## ####


There were no monsters in sight!

Vanquished Creatures
  the Royal Jelly (Slime:5)
  2 dread liches (Zig:8)
  2 ancient liches
  An orb of fire (Zot:3)
  2 juggernauts
  Boris (twice) (Vaults:4 Depths:4)
  Frederick (Vaults:4)
  Bai Suzhen (Shoals:4)
  3 Killer Klowns (Zig:6)
  Saint Roka (Elf:2)
  Xtahua (Vaults:2)
  2 curse toes
  17 caustic shrikes
  8 golden dragons
  Nikola (Vaults:3)
  Arachne (Spider:2)
  the Enchantress (Depths:2)
  The ghost of HilariousDeathArtist the Pure, an adept GnAK of Lugonu (Elf:2)
  2 electric golems
  Jorgrun (D:14)
  Mlioglotl (Shoals:3)
  8 tentacled monstrosities
  An Ice Fiend (Zig:3)
  8 titans
  2 deep elf master archers (Elf:3)
  4 liches
  2 deep elf blademasters (Elf:3)
  9 quicksilver dragons
  Polyphemus (Shoals:3)
  10 death cobs
  Gastronok (Orc:1)
  16 acid blobs
  7 sphinxes
  An ancient champion (Zig:4)
  11 storm dragons
  A thorn hunter (Depths:3)
  A kraken (Shoals:2)
  6 draconian monks
  5 shadow dragons
  Agnes (D:14)
  8 azure jellies
  5 fire giants
  5 tengu reavers
  2 revenants (Vaults:2)
  Donald (Shoals:4)
  12 rockslimes
  8 draconian knights
  9 frost giants
  6 iron dragons
  3 emperor scorpions
  3 orc warlords
  2 draconian shifters
  2 draconian scorchers
  16 vault wardens
  3 deep elf sorcerers
  A quicksilver elemental (Zig:4)
  6 ghost moths
  Louise (Depths:3)
  Aizul (Vaults:4)
  4 spriggan defenders (Depths:2)
  6 deep elf elementalists (Elf:3)
  6 draconian annihilators
  15 very ugly things
  A reaper (IceCv)
  2 draconian stormcallers (Zot:2)
  9 quicksilver oozes
  17 ironbound preservers
  A war gargoyle (Zig:2)
  15 stone giants
  8 deep elf annihilators
  10 green draconians
  2 vampire knights
  10 black draconians
  8 deep elf demonologists
  13 red draconians
  6 yellow draconians
  6 white draconians
  3 minotaurs (Shoals:4)
  10 dire elephants
  8 purple draconians
  A wendigo (Zig:3)
  Azrael (Spider:3)
  13 spark wasps
  7 entropy weavers
  The ghost of Dysowo the Fighter, a journeyman PaMo of Ru (Lair:5)
  2 pale draconians (Depths:4)
  2 statues (D:14)
  A merfolk javelineer (Shoals:3)
  6 deep elf death magi
  The ghost of pigah the Zephyrmancer, a journeyman OpWn of Sif Muna (Lair:4)
  4 merfolk impalers
  14 ettins
  The ghost of Thraspic the Brawler, a journeyman VSFi of Jiyva (Lair:6)
  7 fire dragons
  2 rakshasas
  11 yaktaur captains
  2 deep elf high priests (Elf:3)
  6 great orbs of eyes
  6 ironbound thunderhulks
  Harold (D:8)
  31 vault guards
  A hell beast (Elf:2)
  6 boulder beetles
  A salamander tyrant (D:14)
  26 hydras
  5 spriggan air magi
  2 alligator snapping turtles
  2 merfolk avatars
  3 demonspawn (Orc:2)
  Erica (D:11)
  A catoblepas (Shoals:3)
  8 ironbound frosthearts
  12 two-headed ogres
  7 centaur warriors
  5 ogre magi
  26 dancing weapons
  A two-headed ogre (shapeshifter) (Elf:2)
  7 death yaks
  A deep troll earth mage (Vaults:5)
  10 ice dragons
  17 satyrs
  6 tengu warriors
  6 deep troll shamans
  A shock serpent (shapeshifter) (Zig:8)
  8 orc high priests
  2 vampire magi
  21 deep elf knights
  6 spriggan berserkers
  25 hell knights
  A crystal echidna (Zig:4)
  7 spriggans
  A wretched star (Zig:7)
  2 iron trolls
  A shadow wraith (Vaults:5)
  A titan skeleton (Depths:3)
  A spatial maelstrom (Zig:7)
  19 sea snakes
  4 skeletal warriors
  58 deep trolls
  A deep troll (shapeshifter) (Vaults:5)
  4 flayed ghosts
  A glowing orange brain (Vaults:3)
  3 swamp dragons (Depths:4)
  4 starcursed masses (Zig:7)
  23 deep elf archers
  13 wizards
  17 orc knights
  6 phantasmal warriors
  16 orb spiders
  34 deep elf zephyrmancers
  7 necromancers
  13 ironbound convokers
  6 lindwurms
  35 deep elf pyromancers
  46 ugly things
  9 harpies
  21 wolf spiders
  5 orc sorcerers
  6 shining eyes
  16 fauns
  15 cyclopes
  A wolf spider (shapeshifter) (Zig:8)
  18 moths of wrath
  A sphinx skeleton (Depths:3)
  11 oklob plants
  27 manticores
  21 elephants
  Maurice (D:11)
  A fire giant skeleton (Vaults:4)
  An apocalypse crab (Zig:6)
  2 frost giant skeletons (Depths:3)
  11 black mambas
  2 human skeletons (Vaults:4)
  A guardian serpent (Lair:6)
  3 centaur zombies (D:11)
  5 merfolk sirens
  2 ice statues (IceCv)
  6 water nymphs
  An elephant (shapeshifter) (D:11)
  5 gargoyles
  22 vault sentinels
  An orange demon (Orc:2)
  An eye of devastation (Slime:3)
  Maggie (Lair:2)
  A torpor snail (Spider:4)
  3 kobold demonologists (D:12)
  16 cane toads
  47 yaktaurs
  8 tengu conjurers
  3 hellions (Zig:9)
  An efreet (D:13)
  14 komodo dragons
  13 demonic crawlers
  A rime drake (shapeshifter) (Vaults:5)
  3 rime drakes
  A komodo dragon (shapeshifter) (D:13)
  A tormentor (Zig:3)
  2 freezing wraiths
  6 ice devils (IceCv)
  2 ancient zymes (Zig:7)
  16 merfolk
  3 meliai (Lair:3)
  4 trolls
  An entropy weaver simulacrum (IceCv)
  16 hornets
  21 jumping spiders
  A queen bee (Lair:3)
  4 wind drakes
  12 polar bears
  9 snapping turtles
  A slime creature (shapeshifter) (Elf:3)
  7 dream sheep
  13 blink frogs
  An ettin zombie (Vaults:4)
  A snapping turtle (shapeshifter) (Depths:4)
  A meliai zombie (D:11)
  84 slime creatures
  3 air elementals
  A vampire (D:14)
  A dire elephant simulacrum (IceCv)
  2 shadows
  32 tarantellas
  18 wyverns
  A yak (shapeshifter) (Elf:1)
  55 redbacks
  3 redbacks (shapeshifter)
  59 yaks
  7 water elementals
  3 wraiths
  6 fire elementals
  2 death yak simulacra (IceCv)
  6 basilisks
  6 golden eyes (Slime:4)
  2 chaos spawn
  A small abomination (Zig:7)
  A swamp worm (shapeshifter) (Vaults:5)
  4 steam dragons
  3 vampire mosquitoes (D:14)
  A warg (Orc:2)
  A harpy simulacrum (IceCv)
  An acid dragon (D:12)
  10 hell hounds
  Duvessa (D:6)
  30 water moccasins
  A large abomination (Zig:7)
  A floating eye (Depths:2)
  A floating eye (shapeshifter) (Vaults:5)
  35 orc warriors
  An ice beast (D:8)
  13 black bears
  A necrophage (D:5)
  25 wolves
  5 boggarts
  9 ogres
  A centaur (shapeshifter) (Vaults:5)
  20 centaurs
  A phantom (D:7)
  9 kobold brigands
  8 bullfrogs
  A gnoll sergeant (D:6)
  5 earth elementals
  2 cane toad simulacra (IceCv)
  2 scorpions (D:5)
  4 two-headed ogre simulacra (IceCv)
  3 water moccasin skeletons
  A wyvern skeleton (D:7)
  Dowan (D:6)
  An elephant simulacrum (IceCv)
  43 killer bees
  An electric eel (Lair:1)
  3 howler monkeys
  A bullfrog zombie (D:6)
  A bullfrog skeleton (D:5)
  4 jellies
  32 orc priests
  A hound (D:6)
  Crazy Yiuf (D:4)
  A centaur skeleton (D:7)
  14 orc wizards
  3 iguanas
  2 hell rats (Lair:3)
  2 spriggan simulacra (IceCv)
  A troll simulacrum (IceCv)
  A wolf simulacrum (IceCv)
  A polar bear simulacrum (IceCv)
  15 gnolls
  6 adders
  2 howler monkey skeletons (D:6)
  4 naga simulacra (IceCv)
  2 river rats (Lair:3)
  A shadow imp (D:8)
  4 white imps
  3 ufetubi
  A worm (D:2)
  2 dart slugs
  59 orcs
  7 ball pythons
  10 endoplasms
  6 giant cockroaches
  3 goblins
  8 hobgoblins
  5 jackals
  20 kobolds
  2 quokkas
  3 bats (D:1)
  3 frilled lizards (D:1)
  5 goblin skeletons (D:6)
  3 hobgoblin zombies (D:6)
  A kobold skeleton (D:6)
  A kobold zombie (D:6)
  An orc zombie (D:6)
  2 rats (D:3)
  A bush (Lair:4)
  3 tentacles (Shoals:2)
2302 creatures vanquished.

Vanquished Creatures (collateral kills)
  Mennas (Depths:3)
1 creature vanquished.

Vanquished Creatures (others)
  A draconian knight (Zot:1)
  An ogre mage (D:14)
  An orb spider (Spider:4)
  A jumping spider (Spider:4)
  A killer bee (Lair:3)
  3 ball lightnings (Zot:4)
  A bush (Lair:6)
  68 fungi
  242 plants
  4 tentacles (Shoals:2)
323 creatures vanquished.

Grand Total: 2626 creatures vanquished

Notes
Turn   | Place    | Note
-------+----------+-------------------------------------------
     0 | D:1      | gimp the Demigod Earth Elementalist began the quest for the
                  | Orb.
     0 | D:1      | Reached XP level 1. HP: 14/14 MP: 5/5
   202 | D:1      | Reached XP level 2. HP: 20/20 MP: 5/7
  1373 | D:2      | Reached XP level 3. HP: 26/26 MP: 5/9
  1563 | D:1      | Learned a level 3 spell: Stone Arrow
  1817 | D:2      | Found Duqiw's General Store.
  2171 | D:2      | Reached skill level 1 in Conjurations
  2171 | D:2      | Reached XP level 4. HP: 23/33 MP: 6/10
  2576 | D:2      | Bought a +0 pair of boots of stealth for 115 gold pieces
  3217 | D:3      | Reached XP level 5. HP: 26/38 MP: 1/12
  3936 | D:4      | Noticed an ogre
  4050 | D:4      | Found a runed translucent door.
  4051 | D:4      | Noticed Crazy Yiuf
  4058 | D:4      | Killed Crazy Yiuf
  4068 | D:4      | Identified the +6 mace of Reapportionment {elec, +Blink
                  | rPois rC- SInv}
  4451 | D:4      | Reached skill level 5 in Earth Magic
  4451 | D:4      | Reached XP level 6. HP: 35/45 MP: 1/13
  5228 | D:5      | Entered Level 5 of the Dungeon
  5367 | D:5      | Reached XP level 7. HP: 46/50 MP: 1/14
  5462 | D:5      | Learned a level 4 spell: Petrify
  5471 | D:5      | Reached skill level 1 in Transmutations
  5650 | D:5      | Reached skill level 1 in Short Blades
  6291 | D:6      | Reached XP level 8. HP: 46/57 MP: 5/15
  7244 | D:6      | Noticed Dowan
  7246 | D:6      | Noticed Duvessa
  7391 | D:6      | Killed Duvessa
  7564 | D:6      | Killed Dowan
  7620 | D:6      | Reached skill level 5 in Transmutations
  7951 | D:6      | Found a staircase to the Ecumenical Temple.
  8330 | D:6      | Noticed a cyclops
  8482 | D:7      | Reached XP level 9. HP: 62/62 MP: 9/16
  9008 | D:7      | Identified the +6 glaive of the Many Friends {venom, *Slow
                  | rF+ Str+2}
  9814 | D:7      | Found Liexkilu's Assorted Antiques.
 10300 | D:8      | Found Ykiphiganiu's Antique Armour Shoppe.
 10387 | D:8      | Noticed Harold
 10405 | D:8      | Killed Harold
 10406 | D:8      | Reached skill level 5 in Short Blades
 10559 | D:8      | Noticed a skeletal warrior
 10569 | D:8      | Noticed a skeletal warrior
 10569 | D:8      | Noticed a skeletal warrior
 10569 | D:8      | Noticed a skeletal warrior
 10597 | D:8      | Killed a skeletal warrior
 10598 | D:8      | Reached skill level 10 in Earth Magic
 10696 | D:8      | Reached XP level 10. HP: 56/69 MP: 4/17
 11491 | D:9      | Found Humool's Book Emporium.
 11701 | D:9      | You are sucked into a shaft and drop 3 floors!
 12001 | D:11     | Noticed Maurice
 12050 | D:11     | Killed Maurice
 12170 | D:11     | Noticed Erica
 12179 | D:11     | Killed Erica
 12207 | D:11     | Found a staircase to the Orcish Mines.
 12556 | D:11     | Reached skill level 5 in Stealth
 12556 | D:11     | Reached skill level 5 in Spellcasting
 12712 | D:11     | Found a runed translucent door.
 12712 | D:11     | Noticed a six-headed hydra
 12712 | D:11     | Noticed a purple ugly thing
 12713 | D:11     | Noticed a two-headed ogre
 12713 | D:11     | Noticed a cyclops
 12713 | D:11     | Noticed a seven-headed hydra
 12783 | D:11     | Noticed a four-headed hydra
 12794 | D:11     | Killed a four-headed hydra
 12917 | D:11     | Reached XP level 11. HP: 38/74 MP: 1/22
 13123 | D:10     | Entered Level 10 of the Dungeon
 13148 | D:9      | Reached skill level 2 in Dodging
 13156 | D:10     | Reached skill level 1 in Fighting
 13841 | D:9      | Reached skill level 3 in Dodging
 13979 | D:9      | Learned a level 5 spell: Borgnjor's Vile Clutch
 14360 | D:10     | Reached skill level 1 in Necromancy
 15191 | D:11     | Found a staircase to the Lair.
 15319 | D:11     | Noticed a boulder beetle
 15333 | D:11     | Killed a boulder beetle
 15742 | D:11     | Noticed an anaconda
 15743 | D:11     | Noticed a flayed ghost
 15744 | D:11     | Found a runed translucent door.
 15744 | D:11     | Found a runed translucent door.
 15744 | D:11     | Noticed a rakshasa
 15848 | Lair:1   | Entered Level 1 of the Lair of Beasts
 16434 | D:11     | Reached skill level 4 in Dodging
 17708 | Lair:1   | Noticed a seven-headed hydra
 17864 | Lair:1   | Killed a seven-headed hydra
 18379 | Lair:2   | Reached skill level 5 in Dodging
 18769 | Lair:2   | Reached XP level 12. HP: 83/89 MP: 8/23
 18792 | Lair:2   | Noticed a seven-headed hydra
 19168 | Lair:2   | Killed a seven-headed hydra
 19169 | Lair:2   | Reached skill level 6 in Dodging
 19583 | Lair:2   | Reached skill level 1 in Evocations
 20222 | Lair:2   | Noticed Maggie
 20234 | Lair:2   | Killed Maggie
 20881 | Lair:3   | Got the Compendium of the Dark Oath
 20947 | Lair:3   | Reached skill level 1 in Armour
 21048 | Lair:3   | Identified the ring of Irysoghyb {*Corrode rElec rPois MP+9
                  | Str-3 Dex+7}
 21058 | Lair:3   | Got the Tome of Transformation
 22042 | Lair:3   | Noticed a boulder beetle
 22052 | Lair:3   | Killed a boulder beetle
 22159 | Lair:3   | Found a hole to the Spider Nest.
 22839 | Lair:3   | Noticed a six-headed hydra
 22848 | Lair:3   | Killed a six-headed hydra
 23162 | Lair:3   | Noticed a five-headed hydra
 23172 | Lair:3   | Killed a five-headed hydra
 23173 | Lair:3   | Reached XP level 13. HP: 94/94 MP: 20/24
 23425 | Lair:4   | Found a staircase to the Shoals.
 23639 | Lair:4   | Found a frozen archway.
 23655 | Lair:4   | Reached skill level 10 in Short Blades
 23739 | IceCv    | Entered an ice cave
 24116 | IceCv    | Reached skill level 5 in Evocations
 24840 | IceCv    | Noticed a reaper
 24881 | IceCv    | Killed a reaper
 25505 | Lair:3   | Reached skill level 5 in Armour
 27039 | Lair:4   | Found a runed translucent door.
 27047 | Lair:4   | Noticed pigah's ghost (journeyman OpWn)
 28116 | Lair:5   | Noticed Dysowo's ghost (journeyman PaMo)
 28320 | Lair:5   | Found a runed translucent gate.
 28373 | Lair:5   | Found a runed translucent gate.
 28374 | Lair:5   | Found a runed translucent gate.
 29088 | Lair:6   | Entered Level 6 of the Lair of Beasts
 29180 | Lair:5   | Reached skill level 1 in Shields
 29578 | Lair:6   | Found a staircase to the Slime Pits.
 30272 | Lair:6   | Reached XP level 14. HP: 102/102 MP: 10/28
 30704 | Lair:6   | Noticed Thraspic's ghost (journeyman VSFi)
 30916 | Orc:1    | Entered Level 1 of the Orcish Mines
 31019 | D:9      | Bought a book of Alchemy for 364 gold pieces
 31025 | D:9      | Learned a level 5 spell: Irradiate
 31159 | Orc:2    | Entered Level 2 of the Orcish Mines
 31180 | Orc:2    | Found a staircase to the Elven Halls.
 31242 | Orc:2    | Found Van Lia's Self-Improvement Boutique.
 31428 | Orc:1    | Noticed Gastronok
 31442 | Orc:1    | Killed Gastronok
 33010 | D:11     | Reached skill level 5 in Conjurations
 33178 | D:11     | Found a runed translucent door.
 33178 | D:11     | Found a runed translucent door.
 33323 | D:11     | Reached skill level 5 in Shields
 33454 | D:11     | Identified the +10 lajatang of Demonkind {protect, rC+}
 33455 | D:11     | Identified the +5 fustibalus of the Leaping Tiger {vorpal,
                  | rPois rC+ rN+++ Int-2}
 34056 | D:12     | Identified the +10 falchion "Urruriju" {flame, Str+2}
 34275 | D:12     | Found Awer's Weapon Shoppe.
 34885 | D:12     | Found a portal to a secret trove of treasure.
 36554 | D:13     | Found a gate to the Vaults.
 36994 | D:13     | Identified the +1 pair of gloves "Susoxogg" {+Blink +Inv
                  | rElec rF-}
 37019 | D:13     | Learned a level 6 spell: Iron Shot
 37390 | D:14     | Reached XP level 15. HP: 107/107 MP: 4/30
 37668 | D:14     | Cast into level 2 of the Abyss (a wizard)
 37686 | D:14     | Escaped the Abyss
 38268 | D:14     | Noticed Jorgrun
 38359 | D:14     | Killed Jorgrun
 38482 | D:14     | Reached skill level 10 in Shields
 40504 | D:15     | Entered Level 15 of the Dungeon
 42150 | Lair:6   | Found the +4 skin of Zhor {*Englaciate rC+++ SInv}
 43192 | Lair:6   | Found a runed translucent gate.
 43196 | Lair:6   | Found a runed translucent gate.
 43197 | Lair:6   | Found a runed translucent gate.
 43915 | Lair:6   | Killed Thraspic's ghost
 44404 | Spider:1 | Entered Level 1 of the Spider Nest
 45578 | Spider:2 | Reached XP level 16. HP: 113/114 MP: 4/33
 46090 | Spider:2 | Identified the +7 war axe of Hatred {antimagic, Will++
                  | Int-4 Dex-2 Stlth+}
 46369 | Spider:2 | Noticed Arachne
 46584 | Spider:2 | Killed Arachne
 48173 | Spider:3 | Reached skill level 10 in Spellcasting
 48341 | Spider:3 | Noticed Azrael
 48475 | Spider:3 | Killed Azrael
 49518 | Spider:4 | Entered Level 4 of the Spider Nest
 52142 | Spider:4 | Reached skill level 15 in Shields
 52622 | Spider:4 | Identified the +1 chain mail "Ymasoisode" {rF- rC+ Str+4
                  | Int+4}
 52940 | Spider:4 | Got a gossamer rune of Zot
 53235 | Lair:5   | Killed Dysowo's ghost
 53462 | Shoals:1 | Entered Level 1 of the Shoals
 53896 | Shoals:1 | Reached skill level 5 in Necromancy
 53914 | Shoals:1 | Reached XP level 17. HP: 107/119 MP: 33/37
 54229 | Lair:4   | Killed pigah's ghost
 56392 | Shoals:2 | Found Qipt's Magic Scroll Emporium.
 56442 | Shoals:2 | Bought a scroll of fear for 63 gold pieces
 56890 | Shoals:2 | Found Wyulitsy's Whimsical Warehouse.
 57173 | Shoals:3 | Noticed Polyphemus
 58521 | Shoals:3 | Identified a scroll of acquirement
 58544 | Shoals:3 | Acquired the +1 quick blade "Qodghikh" {venom, rC+}
 58678 | Shoals:3 | Killed Polyphemus
 58784 | Shoals:3 | Noticed Mlioglotl
 58804 | Shoals:3 | Killed Mlioglotl
 58805 | Shoals:3 | Reached skill level 10 in Conjurations
 59081 | Shoals:4 | Entered Level 4 of the Shoals
 59572 | Shoals:3 | Learned a level 5 spell: Freezing Cloud
 59988 | Shoals:4 | Reached skill level 1 in Ice Magic
 59988 | Shoals:4 | Reached skill level 1 in Air Magic
 60332 | Shoals:4 | Noticed Donald
 60809 | Shoals:4 | Killed Donald
 60863 | Shoals:4 | Noticed Bai Suzhen
 62327 | Shoals:4 | Killed Bai Suzhen
 62331 | Shoals:4 | Acquired 459 gold pieces
 62510 | Shoals:4 | Got a barnacled rune of Zot
 62680 | Shoals:4 | Reached XP level 18. HP: 44/126 MP: 0/39
 63238 | Shoals:4 | Found the +1 robe of Vines {NoPotionHeal Regen++++}
 63706 | D:15     | Found a staircase to the Depths.
 63801 | D:15     | Noticed Agnes
 63938 | D:14     | Killed Agnes
 64210 | D:15     | Reached skill level 7 in Dodging
 64627 | D:15     | Reached skill level 5 in Ice Magic
 64629 | D:15     | Reached skill level 5 in Air Magic
 65116 | Vaults:1 | Entered Level 1 of the Vaults
 66508 | Orc:2    | Found Acaicru's Distillery.
 66738 | Orc:2    | Found Tameol's General Store.
 67189 | Orc:2    | Reached skill level 8 in Dodging
 67989 | Orc:2    | Found Xeikha's Jewellery Emporium.
 67989 | Orc:2    | Found Feicoog's Antique Weapon Shoppe.
 67990 | Orc:2    | Found a one-way gate leading to the halls of Pandemonium.
 67995 | Orc:2    | Bought a shimmering rapier for 207 gold pieces
 67995 | Orc:2    | Identified the +6 rapier of the Bespelling Shrike {freeze,
                  | rPois} (You bought it in a shop on level 2 of the Orcish
                  | Mines)
 68232 | Shoals:2 | Bought the ring "Puniss" {Will+ Dex+7} for 840 gold pieces
 70546 | Vaults:2 | Reached skill level 9 in Dodging
 71991 | Vaults:2 | Found Qafoepiu's Magic Scroll Shop.
 72012 | Vaults:2 | Bought a scroll of blinking for 90 gold pieces
 72012 | Vaults:2 | Bought a scroll of teleportation for 36 gold pieces
 72012 | Vaults:2 | Bought a scroll of teleportation for 36 gold pieces
 72012 | Vaults:2 | Bought a scroll of magic mapping for 42 gold pieces
 72012 | Vaults:2 | Bought a scroll of fog for 24 gold pieces
 72209 | Vaults:2 | Identified the -2 pair of gloves of the Unseen Realm {rF+
                  | Int+6 Slay-5}
 72485 | Vaults:2 | Noticed Xtahua
 72490 | Vaults:2 | Killed Xtahua
 72693 | Vaults:2 | Reached XP level 19. HP: 130/133 MP: 20/40
 73055 | Vaults:2 | Found a staircase to the Crypt.
 73080 | Vaults:2 | Reached skill level 10 in Dodging
 74317 | Vaults:2 | Learned a level 7 spell: Ozocubu's Refrigeration
 76056 | Vaults:3 | Noticed Nikola
 76074 | Vaults:3 | Killed Nikola
 76075 | Vaults:3 | Reached skill level 11 in Dodging
 76247 | Vaults:3 | Reached skill level 10 in Ice Magic
 76274 | Vaults:3 | Found Sasmi's Antique Weapon Shop.
 76528 | Vaults:3 | Acquired the amulet of Ubru {RegenMP Fly rPois}
 77724 | Vaults:4 | Noticed Aizul
 77731 | Vaults:4 | Killed Aizul
 77975 | Vaults:4 | Acquired 597 gold pieces
 79042 | Vaults:4 | Noticed Boris
 79235 | Vaults:4 | Noticed Frederick
 79297 | Vaults:4 | Reached skill level 5 in Fighting
 79886 | Vaults:4 | Killed Boris
 80368 | Vaults:4 | Killed Frederick
 80493 | Vaults:4 | Found a transporter.
 80503 | Vaults:4 | Found a transporter.
 80965 | Vaults:4 | Reached XP level 20. HP: 148/148 MP: 8/41
 81986 | Depths:1 | Entered Level 1 of the Depths
 82233 | Depths:1 | Found Ythrink's Hallowed Reliquary.
 82242 | Depths:1 | Bought a potion of curing for 42 gold pieces
 82242 | Depths:1 | Bought a potion of heal wounds for 70 gold pieces
 82242 | Depths:1 | Bought a potion of heal wounds for 70 gold pieces
 82242 | Depths:1 | Bought a potion of heal wounds for 70 gold pieces
 82970 | Depths:1 | Bought the ring of Wishful Thinking {rC- rN+ Will+ rCorr
                  | Dex+4} for 554 gold pieces
 83046 | Depths:1 | Found a one-way gate to the infinite horrors of the Abyss.
 83402 | Depths:1 | Found a gateway to Hell.
 83688 | Depths:1 | You fall into a shaft and drop 1 floor!
 83688 | Depths:2 | Noticed a golden dragon
 83688 | Depths:2 | Noticed a juggernaut
 83688 | Depths:2 | Noticed a golden dragon
 83693 | Depths:2 | Reached skill level 1 in Staves
 85246 | Depths:1 | Gained mutation: You passively dampen the noise of your
                  | surroundings. [mutagenic glow]
 85798 | Depths:2 | Identified the +4 lajatang of Izobugaq {speed, Int+3
                  | Stlth+}
 85902 | Depths:2 | Reached skill level 12 in Dodging
 86147 | Depths:2 | Reached skill level 5 in Staves
 86650 | Depths:2 | Killed a golden dragon
 86907 | Depths:2 | Killed a golden dragon
 87114 | Depths:2 | Noticed the Enchantress
 87118 | Depths:2 | Killed the Enchantress
 88058 | Depths:2 | Identified the +1 leather armour of Pecagg {Harm Int+3}
 88123 | Depths:2 | Noticed a caustic shrike
 88128 | Depths:2 | Noticed a caustic shrike
 88161 | Depths:2 | Noticed a caustic shrike
 88162 | Depths:2 | Noticed a caustic shrike
 88164 | Depths:2 | Noticed a caustic shrike
 88172 | Depths:2 | Killed a caustic shrike
 88172 | Depths:2 | Killed a caustic shrike
 88175 | Depths:2 | Killed a caustic shrike
 88176 | Depths:2 | Reached skill level 13 in Dodging
 88454 | Depths:2 | Noticed a caustic shrike
 88468 | Depths:2 | Killed a caustic shrike
 88473 | Depths:2 | Killed a caustic shrike
 88492 | Depths:2 | Killed a caustic shrike
 88795 | Depths:2 | Reached XP level 21. HP: 158/158 MP: 31/43
 89324 | Depths:2 | Killed a juggernaut
 89373 | Depths:2 | Noticed a caustic shrike
 89418 | Depths:2 | Killed a caustic shrike
 89463 | Depths:2 | Noticed a caustic shrike
 89464 | Depths:2 | Noticed a caustic shrike
 89464 | Depths:2 | Noticed a caustic shrike
 89472 | Depths:2 | Killed a caustic shrike
 89525 | Depths:2 | Killed a caustic shrike
 89526 | Depths:2 | Killed a caustic shrike
 89958 | Depths:2 | Identified the +0 flail "Widowermaker" {chaos, Fly rF+
                  | Will+ Int+4}
 90089 | Depths:3 | Noticed Louise
 90098 | Depths:3 | Killed Louise
 90122 | Depths:3 | Noticed a juggernaut
 90131 | Depths:3 | Killed a juggernaut
 90132 | Depths:3 | Reached skill level 14 in Dodging
 90919 | Depths:3 | Identified the +2 pair of gloves of the Distant Future
                  | {Harm *Corrode rElec Slay+4}
 91115 | Depths:4 | Entered Level 4 of the Depths
 91115 | Depths:4 | Noticed a golden dragon
 91115 | Depths:4 | Noticed a caustic shrike
 91115 | Depths:4 | Noticed a caustic shrike
 91115 | Depths:4 | Noticed a caustic shrike
 91115 | Depths:4 | Noticed a caustic shrike
 91115 | Depths:4 | Noticed a caustic shrike
 91158 | Depths:4 | Found a magical portal.
 91198 | WizLab   | Entered Wucad Mu's Monastery
 91805 | Depths:4 | Killed a caustic shrike
 91820 | Depths:4 | Killed a golden dragon
 91967 | Depths:3 | Killed a caustic shrike
 91968 | Depths:3 | Reached skill level 10 in Staves
 91972 | Depths:3 | Killed a caustic shrike
 92199 | Depths:4 | Killed a caustic shrike
 92243 | Depths:4 | Noticed a golden dragon
 92252 | Depths:4 | Killed a golden dragon
 92408 | Depths:4 | Noticed Boris
 92410 | Depths:4 | Noticed Mennas
 92416 | Depths:4 | Killed a caustic shrike
 92476 | Depths:3 | Killed Mennas
 92851 | Depths:3 | Found the +7 lajatang of Order {silver, rMut}
 93043 | Depths:4 | Killed Boris
 93044 | Depths:4 | Reached skill level 15 in Dodging
 93132 | Depths:4 | Found a gateway to a ziggurat.
 93809 | Depths:4 | Noticed a golden dragon
 93815 | Depths:4 | Killed a golden dragon
 93883 | Depths:4 | Found a gate to the Realm of Zot.
 94204 | Elf:1    | Entered Level 1 of the Elven Halls
 95339 | Elf:2    | Found Gisa's Distillery.
 95358 | Elf:2    | Bought a potion of brilliance for 64 gold pieces
 95358 | Elf:2    | Bought a potion of magic for 128 gold pieces
 95358 | Elf:2    | Bought 2 potions of heal wounds for 160 gold pieces
 95358 | Elf:2    | Bought a potion of magic for 128 gold pieces
 95370 | Elf:2    | Identified the +2 leather armour of Greater Demons {-Tele
                  | rF++ Int+3}
 95373 | Elf:2    | Noticed Saint Roka
 95381 | Elf:2    | Killed Saint Roka
 95462 | Elf:2    | Reached XP level 22. HP: 150/166 MP: 18/44
 95591 | Elf:2    | Found a runed translucent door.
 95593 | Elf:2    | Noticed HilariousDeathArtist's ghost (adept GnAK)
 95895 | Elf:2    | Found a runed translucent gate.
 95895 | Elf:2    | Found a runed translucent gate.
 95895 | Elf:2    | Found a runed translucent gate.
 96274 | Elf:2    | Reached skill level 10 in Evocations
 96574 | Elf:2    | Killed HilariousDeathArtist's ghost
 97311 | Elf:3    | Entered Level 3 of the Elven Halls
 98798 | Elf:3    | Identified the +10 mace of Sododaod {antimagic, rElec}
 98809 | Elf:3    | Identified the ring "Rufa Xashry" {rPois rN+ Will+ Str-2
                  | Int+6}
 99260 | Elf:3    | Identified the +1 leather armour "Wobamam" {Dex+3}
 99357 | Elf:3    | Identified the +2 robe of the Present {rC+ rN+ Str+4}
 99544 | Elf:3    | Reached skill level 15 in Spellcasting
 99626 | Elf:3    | Identified the +9 trident "Hutosar" {speed, rC+ Str+2}
 99682 | Elf:3    | Got the Incunabulum of Moulding
 99697 | Elf:3    | Identified the +4 helmet "Ugraj" {Int+6}
100015 | Vaults:5 | Entered Level 5 of the Vaults
100578 | Vaults:5 | Reached skill level 10 in Fire Magic
100578 | Vaults:5 | Reached XP level 23. HP: 80/171 MP: 15/48
100881 | Vaults:5 | Identified the +7 war axe "Grim" {speed, rC+ rCorr Str+2}
100944 | Vaults:5 | Identified the +5 rapier "Bezez" {protect, *Noise Str+2
                  | Int+4}
101033 | Vaults:5 | Got a silver rune of Zot
101324 | Vaults:5 | Identified the ring "Romav" {*Slow rElec MP+9 Dex+7}
101589 | Vaults:5 | Identified the amulet "Wejigry" {RegenMP rCorr Dex+3}
101962 | Vaults:5 | Identified the +1 leather armour of Fetocebb {-Cast rPois
                  | rC+}
101969 | Vaults:5 | Noticed an ancient lich
101976 | Vaults:5 | Killed an ancient lich
102060 | Vaults:5 | Identified the amulet "Voreluqyu" {rElec Regen+ Int+4}
102074 | Vaults:5 | Identified the +3 leather armour of Lasa {Harm *Corrode
                  | +Inv Stlth+}
103125 | Slime:1  | Entered Level 1 of the Pits of Slime
104262 | Slime:5  | Entered Level 5 of the Pits of Slime
104685 | Slime:5  | Reached skill level 15 in Fire Magic
104710 | Slime:4  | Learned a level 8 spell: Ignition
104774 | Slime:5  | Noticed the Royal Jelly
104925 | Slime:5  | Killed the Royal Jelly
105043 | Slime:5  | Found the +8 Vampire's Tooth {vamp}
105088 | Slime:5  | Got Ledu's Handbook of Torrid Envenoming
105126 | Slime:5  | Got a slimy rune of Zot
105143 | Slime:5  | Identified the +6 mace "Ylyfock" {vorpal, *Rage MP+9 Dex+7}
105155 | Slime:5  | Identified the +7 dagger of the Doomed Warrior {freeze, rC-
                  | Str+4 Int+3 Dex+4}
105166 | Slime:5  | Identified the +1 cloak of Wariness {Str+4}
105599 | Zig:1    | Entered Level 1 of a ziggurat
105622 | Zig:2    | Entered Level 2 of a ziggurat
105681 | Zig:3    | Entered Level 3 of a ziggurat
105744 | Zig:4    | Entered Level 4 of a ziggurat
105874 | Zig:5    | Entered Level 5 of a ziggurat
105896 | Zig:5    | Identified the +1 scale mail "Ysewaosch" {Regen+}
105898 | Zig:5    | Identified the ring "Pecuusm" {Str+6 Dex+3}
105901 | Zig:5    | Identified the +5 lajatang "Synae" {freeze, MP+9}
105906 | Zig:5    | Reached XP level 24. HP: 179/179 MP: 22/48
105943 | Zig:6    | Entered Level 6 of a ziggurat
105949 | Zig:6    | Noticed a Killer Klown
105949 | Zig:6    | Noticed a Killer Klown
105950 | Zig:6    | Noticed a Killer Klown
105950 | Zig:6    | Found the amulet of the Four Winds {rN+ Will+++ Clar}
105953 | Zig:6    | Killed a Killer Klown
105956 | Zig:6    | Killed a Killer Klown
105965 | Zig:6    | Killed a Killer Klown
105975 | Zig:6    | Identified the +1 plate armour of Duty {rC++ SInv Stlth+}
105978 | Zig:6    | Identified the +4 hand axe of the Snake Pit {vorpal, rC-
                  | Str+3 Int+9}
106036 | Zig:7    | Entered Level 7 of a ziggurat
106175 | Zig:8    | Entered Level 8 of a ziggurat
106181 | Zig:8    | Noticed a dread lich
106181 | Zig:8    | Noticed an ancient lich
106181 | Zig:8    | Noticed a dread lich
106186 | Zig:8    | Killed a dread lich
106187 | Zig:8    | Killed an ancient lich
106188 | Zig:8    | Killed a dread lich
106189 | Zig:8    | Reached XP level 25. HP: 184/184 MP: 8/49
106251 | Zig:8    | Reached skill level 16 in Dodging
106251 | Zig:8    | Reached XP level 26. HP: 192/192 MP: 49/49
106255 | Zig:8    | Got Etauk's Papyrus of Destructive Hexes
106261 | Zig:8    | Identified the +9 dagger of Ignis's Castigation {drain,
                  | *Rage Fly Int+6}
106269 | Zig:8    | Identified the +2 ring mail of Lightning Storm {rC+}
106272 | Zig:9    | Entered Level 9 of a ziggurat
106756 | Zot:1    | Entered Level 1 of the Realm of Zot
107411 | Zot:1    | Reached skill level 17 in Dodging
108114 | Zot:1    | Acquired the ring of Umilae {rElec rPois rC+ rN+ AC+4}
110029 | Zot:2    | Reached skill level 18 in Dodging
111385 | Zot:3    | Noticed an orb of fire
111394 | Zot:3    | Killed an orb of fire
112150 | Zot:3    | Reached skill level 19 in Dodging
112505 | Zot:4    | Found a runed translucent door.
113661 | Zot:4    | Noticed Koub's ghost (legendary GnFE)
113695 | Zot:4    | Killed by an exploding ball lightning

Illustrated notes

Levels and vault maps discovered:
D:1:      lightli_molten_gateway, layout_loops_corners, minmay_close_crescents
D:2:      layout_rooms, serial_shops, nicolae_shop_behind_doors,
          chequers_ecumenical_altar_grove, nicolae_figureground_sparkle
D:3:      layout_basic
D:4:      layout_basic, serial_bayou_ford_a, uniq_crazy_yiuf_cottage
D:5:      layout_rooms, serial_glass, glass_columns_b, glass_columns_a,
          lemuel_another_geyser
D:6:      nicolae_cairo_tiling_large_dashed, layout_loops_cross,
          nicolae_tso_besieged_by_evil, minmay_increasing_density, uniq_duvessa
D:7:      layout_gridville, serial_shops, shop, eino_jars
D:8:      layout_loops_corners, serial_shops, nicolae_shop_window_shopping,
          uniq_harold
D:9:      layout_rooms, serial_shops, shop
D:10:     layout_grid_maze
D:11:     minmay_the_grid_triangle_9x9_rhombus_full
          [minmay_the_grid_triangle_9x9_semitri,
          minmay_the_grid_triangle_9x9_fully_insulated_deathbox,
          minmay_the_grid_triangle_9x9_limited_checkers,
          minmay_the_grid_triangle_9x9_impossible_snake,
          minmay_the_grid_triangle_9x9_empty,
          minmay_the_grid_triangle_9x9_shrine,
          minmay_the_grid_triangle_9x9_tough_junction,
          minmay_the_grid_triangle_9x9_prize_center], layout_basic, orc_0_dummy,
          uniq_maurice, uniq_erica
D:12:     layout_basic, serial_shops, shop_fountains, enter_trove_1
D:13:     minmay_clustersquares, layout_cave_pools,
          hangedman_vaults_entry_quadrant_bands
D:14:     evilmike_halls_of_destruction, layout_irregular_city, zin_angel
D:15:     hangedman_depths_entry_civil_slaughter, layout_loops_ring,
          good_gods_mini_temple, nicolae_wwwww, uniq_agnes
Lair:1:   layout_gridlike
Lair:2:   beast_lair_carwin_large_4, layout_chaotic_city, hangedman_tree_tricks,
          uniq_maggie
Lair:3:   regret_index_tunnel_blossom, layout_layer_cave,
          spider_nest_entry_web_field, chequers_serial_rivers_large_b
Lair:4:   layout_layer_cave, minmay_shoals_entry_centaurs,
          ebering_ghost_inner_flame, portal_ice_cave_entry_pillars_2,
          minmay_lair_oklob_bushes, infiniplex_staircase_pool_2,
          serial_bayou_shore_a, grunt_megastairs_5
Lair:5:   layout_roguey, gammafunk_ghost_split
Lair:6:   hangedman_lair_tendril_chambers, layout_misc_corridors,
          minmay_slime_entry_oklob_open, gammafunk_ghost_split
Shoals:1: layout_shoals, st_shoals_ruin
Shoals:2: layout_shoals, serial_shops, nicolae_shop_hallway_plus,
          nicolae_alphabet_shops
Shoals:3: layout_shoals, uniq_polyphemus, uniq_mlioglotl
Shoals:4: shoals_end_hellmonk_lost_city, serial_shops, uniq_donald,
          uniq_bai_suzhen
Spider:1: layout_spider_delve
Spider:2: layout_spider_delve, uniq_arachne
Spider:3: layout_chambers, uniq_azrael
Spider:4: johnstein_spider_rune_arachne_lair
Slime:1:  layout_caves
Slime:2:  layout_caves
Slime:3:  cheibrodos_slime_lost_civilization_3, layout_caves
Slime:4:  layout_caves
Slime:5
Orc:1:    layout_diamond_mine, uniq_gastronok
Orc:2:    pf_orc_diabolical, layout_diamond_mine, nicolae_shop_self_help
Elf:1:    minmay_elf_arrival_circle, layout_loops_cross
Elf:2:    elven_hall_of_blades_hangedman_original
          [nicolae_blade_entry_antechamber], layout_gridlike,
          gammafunk_ghost_grave, special_room [special_room_mythical_zoo],
          serial_shops, shop, uniq_louise, uniq_saint_roka
Elf:3:    grunt_elf_hall_asides, layout_loops_corners
Vaults:1: nicolae_vaults_specimen_jars, nicolae_vaults_rhombus_5,
          nicolae_vaults_ninety_degrees, vaults_mumra_minichess,
          nicolae_vaults_theta, v_misc_9, hangedman_vaults_capsules,
          nicolae_vaults_little_squares_4, ontoclasm_vaults_gateway,
          layout_vaults_omnigrid
Vaults:2: vaults_room_hallway, nicolae_vaults_twisting_passages,
          hangedman_vaults_hat, minmay_crypt_entry_simple_plaza,
          ontoclasm_vaults_shuriken, nicolae_vaults_mini_display_case,
          nicolae_vaults_windows_and_doors_thing, v_misc_24, v_misc_13,
          nicolae_vaults_alarming, grunt_vaults_funnel,
          layout_vaults_chaotic_city, serial_shops,
          nicolae_shop_advertising_works [nicolae_subvault_shop_adworks],
          uniq_xtahua
Vaults:3: v_misc_4, special_room_vaults [special_room_orc], v_rooms_6,
          nicolae_vaults_puzzle_piece, vaults_dpeg_ring, v_misc_29,
          v_alt_pattern_1, v_misc_33, v_rooms_5, vaults_mumra_lcd,
          vaults_room_large_hall, ontoclasm_vaults_twist,
          nicolae_vaults_angled_halls, layout_vaults_ring, serial_shops,
          nicolae_shop_behind_doors, uniq_nikola
Vaults:4: gammafunk_sealed_arena, ontoclasm_vaults_eye,
          hangedman_vaults_slither, nicolae_vaults_network_periphery, v_misc_23,
          nicolae_vaults_little_squares_3, v_misc_23, ontoclasm_vaults_chip,
          nicolae_vaults_network_square, vaults_room_door_hall,
          hangedman_vaults_impose, vaults_room_hallway, layout_vaults_omnicross,
          uniq_boris, uniq_aizul, uniq_frederick
Vaults:5: serial_shops
Depths:1: layout_gridlike, hangedman_abyss_entry_splay, old_standard_altar,
          hell_entry, nicolae_good_shop
Depths:2: grunt_runaround [grunt_runaround_doors_1, grunt_runaround_doors_2,
          grunt_runaround_doors_3, grunt_runaround_doors_4,
          grunt_runaround_loot], hell_entry, pan_entry, uniq_enchantress
Depths:3: dpeg_oklob_gauntlet, layout_small_grid,
          nicolae_abyss_entry_one_way_or_another, solitary_fountain, hell_entry,
          grunt_qazlal_sundering, infiniplex_staircase_pool_1, firewood_loft
Depths:4: evilmike_zot_entry_gauntlet, layout_cave_shapes, enter_ziggurat_b,
          minmay_parallelograms, infiniplex_enter_wizlab_glasses, hell_entry,
          rand_demon_pan_entry_1, uniq_mennas
Zot:1:    layout_misc_corridors, st_stairs_8, grunt_ministairs_10
Zot:2:    kennysheep_room_grid, layout_misc_corridors
Zot:3:    layout_gridlike
Zot:4:    layout_concentric_octagons, ebering_ghost_reflecting_pool,
          st_stairs_10

Skill      XL: |  1  2  3  4  5  6  7  8  9 10 11 12 13 14 15 16 17 18 19 20 21 22 23 24 25 26 |
---------------+-------------------------------------------------------------------------------+-----
Earth Magic    | 3 4 5 6 8 10 11 12 | 12.0
Spellcasting   | 2 3 5 6 7 8 11 12 15 16 | 16.0
Conjurations   | 1 2 4 8 10 | 10.1
Transmutations | 3 5 6 7 8 |  8.0
Short Blades   | 2 3 5 6 8 9 10 | 10.0
Stealth        | 5 6 |  6.0
Dodging        | 5 6 9 11 13 15 16 19 | 19.3
Fighting       | 3 6 7 |  7.0
Necromancy     | 4 5 8 |  8.0
Evocations     | 4 7 8 9 11 13 | 13.8
Armour         | 3 6 |  6.1
Shields        | 2 8 13 15 | 15.0
Ice Magic      | 4 8 12 14 | 14.0
Air Magic      | 4 8 |  8.0
Staves         | 7 11 12 | 12.0
Fire Magic     | 10 16 | 16.0

Action                   |  1- 3 |  4- 6 |  7- 9 | 10-12 | 13-15 | 16-18 | 19-21 | 22-24 | 25-27 || total
-------------------------+-------+-------+-------+-------+-------+-------+-------+-------+-------++-------
Melee: Dagger            |     5 |    40 |    57 |    79 |   270 |   102 |       |       |       ||   553
       Short sword       |       |       |    43 |   298 |   253 |   143 |       |       |       ||   737
       Mace              |       |       |       |     2 |       |       |       |       |       ||     2
       Quick blade       |       |       |       |       |       |   475 |   201 |       |       ||   676
       Staff             |       |       |       |       |       |     1 |   194 |    48 |    98 ||   341
 Cast: Sandblast         |    78 |    14 |     5 |    13 |     3 |       |       |       |       ||   113
       Stone Arrow       |       |    37 |   135 |   313 |   634 |   643 |       |     2 |       ||  1764
       Petrify           |       |       |     5 |    23 |    28 |    57 |     1 |       |       ||   114
       Borgnjor's Vile C |       |       |       |    11 |    69 |    40 |    46 |     8 |     4 ||   178
       Irradiate         |       |       |       |       |    30 |    89 |    50 |    10 |    16 ||   195
       Iron Shot         |       |       |       |       |    12 |   193 |   528 |   362 |   198 ||  1293
       Freezing Cloud    |       |       |       |       |       |    14 |     3 |       |     1 ||    18
       Ozocubu's Refrige |       |       |       |       |       |       |   119 |    98 |    53 ||   270
       Ignition          |       |       |       |       |       |       |       |    16 |     1 ||    17
Evoke: Wand              |       |     3 |       |       |    13 |    11 |     2 |     3 |       ||    32
       Phantom mirror    |       |       |       |       |     2 |     1 |     1 |     1 |       ||     5
       Lightning rod     |       |       |       |       |     4 |       |       |       |       ||     4
       Tin of tremorston |       |       |       |       |     1 |     6 |     3 |     2 |       ||    12
       Condenser vane    |       |       |       |       |     1 |     3 |     3 |       |     1 ||     8
       Box of beasts     |       |       |       |       |       |       |       |       |     1 ||     1
  Use: Scroll            |     1 |       |     7 |     7 |     9 |     4 |    15 |     2 |     5 ||    50
       Potion            |       |       |       |       |     9 |     3 |     1 |     2 |     2 ||    17
 Stab: Petrified         |       |       |    14 |    44 |    31 |   103 |     7 |       |       ||   199
       Sleeping          |       |       |       |     1 |     8 |     1 |     2 |       |       ||    12
       Petrifying        |       |       |       |     1 |     1 |     4 |       |       |       ||     6
       Invisible         |       |       |       |       |       |     1 |       |       |       ||     1
       Distracted        |       |       |       |       |       |     1 |       |     1 |       ||     2
Armor: Robe              |       |     9 |    48 |   217 |       |       |       |       |    28 ||   302
       Acid dragon scale |       |       |       |    95 |   265 |       |       |       |       ||   360
       Animal skin       |       |       |       |       |    68 |   187 |    91 |    20 |     9 ||   375
Dodge: Dodged            |    21 |    41 |    74 |   372 |   481 |   389 |   286 |    85 |   188 ||  1937
Block: Buckler           |       |       |       |       |    70 |       |       |       |       ||    70
       Reflection        |       |       |       |       |     5 |   103 |    27 |       |       ||   135
       Kite shield       |       |       |       |       |   148 |   678 |   465 |    75 |   149 ||  1515

Table legend: (Time is in decaauts)
 A = Elapsed time spent in this place.
 B = Non-inter-level travel time spent in this place.
 C = Inter-level travel time spent in this place.
 D = Time resting spent in this place.
 E = Time spent auto-exploring this place.
 F = Levels seen in this place.
 G = Mean time per level.
                   A        B        C        D        E       F      G
               +--------+--------+--------+--------+--------+-----+--------+
         Total | 113145 | 105109 |   8036 |  22431 |  66007 |  64 | 1767.9 |
       Dungeon |  29088 |  26097 |   2991 |   5564 |  16901 |  15 | 1939.2 |
          Lair |  17123 |  15783 |   1340 |   2497 |  10862 |   6 | 2853.8 |
        Shoals |   9403 |   9074 |    329 |   3074 |   4523 |   4 | 2350.8 |
   Spider Nest |   8644 |   8285 |    359 |   2269 |   4674 |   4 | 2161.0 |
    Slime Pits |   2116 |   2007 |    109 |    399 |   1012 |   5 |  423.2 |
  Orcish Mines |   3372 |   3160 |    212 |    878 |   1714 |   2 | 1686.0 |
   Elven Halls |   5590 |   5340 |    250 |    607 |   3627 |   3 | 1863.3 |
        Vaults |  17329 |  16151 |   1178 |   3130 |  10526 |   5 | 3465.8 |
        Depths |  11910 |  10875 |   1035 |   2868 |   6564 |   4 | 2977.5 |
           Zot |   5995 |   5766 |    229 |    731 |   4272 |   4 | 1498.8 |
         Abyss |     17 |     17 |      0 |      2 |      0 |   1 |   17.0 |
      Ziggurat |    689 |    689 |      0 |     82 |    338 |   9 |   76.6 |
      Ice Cave |   1640 |   1640 |      0 |    279 |    980 |   1 | 1640.0 |
        Wizlab |    220 |    220 |      0 |     50 |     13 |   1 |  220.0 |
               +--------+--------+--------+--------+--------+-----+--------+

Top non-repeatable levels by time:
Depths:2: 4433 daAuts
Vaults:4: 4396 daAuts
    D:11: 4008 daAuts
Vaults:2: 3970 daAuts
    D:14: 3882 daAuts
Vaults:3: 3878 daAuts
Shoals:3: 3877 daAuts
Spider:3: 3757 daAuts
  Lair:5: 3587 daAuts
  Lair:3: 3472 daAuts
  Lair:4: 2993 daAuts
Depths:1: 2882 daAuts
Vaults:1: 2791 daAuts
    D:13: 2756 daAuts
  Lair:6: 2740 daAuts
